AoeStats
← bumbsbomba74

Arena

509108689Analyzed
4v4 RM · 8d ago on Sep 25, 2026· 53m 32s· 8 players
Game mode
Random Map
Map size
Large (8 player)
Population
200
Speed
Normal
Resources
Standard
Victory
Conquest
Starting age
Dark Age
Ending age
Imperial Age
RankedLock teamsTeams togetherTeam positionsShared explorationLock speedFull tech treeHidden civsTurbo modeCheats
Victory
Defeat
🇹🇼 Bohemians · Taiwan
1227
+14
🇨🇳 Aztecs · China
1170
+16
🇨🇳 Vikings · China
1170
+16
🇳🇱 Cumans · Netherlands
1113
+19
🇪🇸 Danes · Spain
1262
-20
🇩🇪 Saracens · Germany
1226
-18
🇦🇹 Franks · Austria
1195
-17
🇩🇪 Burgundians · Germany
1026
-10
高大爷
1:04 Loom
10:50 Feudal Age
16:37 Castle Age
14:26 Double-Bit Axe
16:32 Horse Collar
22:49 Forging
28:44 Iron Casting
30:29 Scale Mail Armor
30:24 Gold Mining
31:35 Bow Saw
31:39 Squires
33:19 Chain Mail Armor
33:20 Chieftains
38:26 Imperial Age
36:20 Heavy Plow
36:38 Arson
38:38 Elite Varangian Guard
40:34 Blast Furnace
40:04 Plate Mail Armor
39:28 Capped Ram
43:20 Scale Barding Armor
43:40 Siege Ram
44:58 Conscription
44:38 Pikeman
~The Answer
10:17 Feudal Age
19:05 Castle Age
17:48 Double-Bit Axe
17:47 Horse Collar
20:13 Bow Saw
20:06 Heavy Plow
29:03 Imperial Age
27:10 Wheelbarrow
28:37 Bloodlines
28:47 Forging
28:43 Scale Barding Armor
30:40 Iron Casting
30:49 Elite Steppe Lancer
31:42 Steppe Husbandry
34:14 Blast Furnace
35:28 Conscription
34:29 Elite Kipchak
35:32 Chain Barding Armor
35:03 Fletching
35:13 Padded Archer Armor
40:09 Plate Barding Armor
46:10 Crop Rotation
48:36 Bodkin Arrow
49:32 Pikeman
52:34 Caravan
tnan
11:05 Feudal Age
15:04 Castle Age
13:19 Double-Bit Axe
14:00 Horse Collar
16:09 Bow Saw
16:14 Heavy Plow
18:12 Fervor
23:36 Wheelbarrow
24:42 Loom
25:51 Hand Cart
25:41 Town Watch
26:15 Pikeman
27:25 Masonry
28:19 Chemistry
28:25 Town Patrol
31:35 Imperial Age
29:12 Padded Archer Armor
30:02 Masonry
30:53 Squires
31:17 Fortified Wall
31:27 Ballistics
31:04 Elite Skirmisher
32:36 Scale Mail Armor
32:46 Forging
32:27 Fletching
32:53 Leather Archer Armor
33:22 Siege Engineers
33:24 Halberdier
33:39 Halberdier
34:06 Arson
34:45 Chain Mail Armor
35:06 Iron Casting
37:43 Conscription
40:49 Blast Furnace
41:05 Two-Man Saw
43:42 Caravan
45:35 Houfnice
52:07 Bodkin Arrow
53:48 Murder Holes
54:24 Architecture
飞翔的圣光
8:17 Loom
10:50 Feudal Age
15:29 Castle Age
13:30 Double-Bit Axe
14:28 Horse Collar
16:14 Heavy Plow
17:02 Bow Saw
21:21 Fervor
23:00 Stone Mining
23:03 Gold Mining
24:17 Fletching
25:52 Wheelbarrow
25:02 Town Watch
29:02 Imperial Age
26:38 Scale Mail Armor
28:10 Forging
27:51 Pikeman
28:48 Chain Mail Armor
29:59 Iron Casting
30:13 Treadmill Crane
30:45 Careening
31:07 Garland Wars
30:08 Elite Jaguar Warrior
31:52 Plate Mail Armor
31:03 Capped Ram
32:26 Conscription
33:40 Gold Shaft Mining
33:40 Stone Shaft Mining
34:11 Blast Furnace
33:28 Squires
33:15 Arson
33:19 Eagle Warrior
35:05 Siege Ram
36:04 Bodkin Arrow
36:09 Padded Archer Armor
36:32 Sanctity
36:23 Redemption
36:10 Murder Holes
37:17 Chemistry
36:37 Ballistics
37:05 Elite Eagle Warrior
37:31 Gambesons
39:57 Elite Skirmisher
40:39 Bracer
40:54 Leather Archer Armor
Tada
10:45 Feudal Age
14:52 Castle Age
12:51 Double-Bit Axe
16:01 Bow Saw
16:10 Horse Collar
20:19 Loom
21:19 Wheelbarrow
22:15 Heavy Plow
22:59 Gold Mining
23:00 Stone Mining
28:05 Imperial Age
26:26 Hand Cart
26:02 Town Watch
27:23 Ballistics
27:10 Scale Barding Armor
27:16 Forging
27:55 Guard Tower
28:06 Fletching
29:53 Chemistry
29:29 Keep
28:40 Arrowslits
30:53 Two-Man Saw
30:34 Gold Shaft Mining
29:57 Bodkin Arrow
30:39 Bimaristan
30:50 Conscription
30:57 Fervor
31:08 Sanctity
31:07 Bracer
32:20 Chain Barding Armor
33:23 Heavy Camel Rider
34:14 Bloodlines
34:04 Husbandry
34:50 Light Cavalry
34:52 Elite Mameluke
36:08 Hoardings
37:19 Plate Barding Armor
37:20 Iron Casting
36:38 Hussar
40:17 Blast Furnace
48:42 Scale Mail Armor
48:43 Padded Archer Armor
50:44 Crossbowman
51:34 Thumb Ring
51:24 Arbalester
bumbsbomba74
3:53 Double-Bit Axe
10:37 Feudal Age
9:14 Horse Collar
12:28 Bow Saw
14:31 Castle Age
13:01 Bow Saw
13:18 Heavy Plow
19:49 Wheelbarrow
20:32 Scale Barding Armor
20:46 Gold Mining
22:20 Chain Barding Armor
23:17 Light Cavalry
23:58 Husbandry
24:10 Forging
25:36 Loom
26:09 Hand Cart
30:18 Imperial Age
29:00 Iron Casting
30:03 Stone Mining
30:51 Gold Shaft Mining
31:58 Chemistry
31:36 Plate Barding Armor
31:15 Hussar
34:44 Blast Furnace
35:55 Padded Archer Armor
36:26 Fletching
37:09 Conscription
37:56 Bodkin Arrow
38:23 Ballistics
40:41 Leather Archer Armor
46:14 Two-Man Saw
50:09 Bracer
odys1998
3:45 Loom
10:30 Feudal Age
12:41 Loom
15:04 Castle Age
13:15 Double-Bit Axe
16:25 Loom
17:09 Bow Saw
18:28 Scale Barding Armor
19:29 Wheelbarrow
22:05 Hand Cart
22:21 Hand Cart
21:52 Town Watch
22:23 Forging
22:39 Gold Mining
23:36 Stone Mining
24:32 Gold Shaft Mining
25:12 Chain Barding Armor
25:42 Husbandry
26:44 Iron Casting
33:39 Imperial Age
31:14 Caravan
31:36 Ballistics
30:58 Treadmill Crane
31:30 Masonry
31:12 Fletching
31:22 Padded Archer Armor
31:26 Scale Mail Armor
32:36 Bodkin Arrow
33:44 Padded Archer Armor
33:59 Chain Mail Armor
34:43 Coinage
35:26 Conscription
36:11 Blast Furnace
34:41 Elite Throwing Axeman
36:47 Chemistry
35:53 Siege Engineers
37:00 Plate Mail Armor
36:47 Leather Archer Armor
37:51 Banking
40:08 Plate Barding Armor
Leopard
10:36 Feudal Age
14:32 Castle Age
12:33 Double-Bit Axe
12:31 Horse Collar
12:52 Loom
15:33 Bow Saw
16:14 Heavy Plow
21:18 Scale Mail Armor
23:16 Forging
23:43 Arson
26:19 Wheelbarrow
27:53 Gold Mining
31:36 Imperial Age
29:44 Fletching
30:16 Hand Cart
30:37 Chain Mail Armor
30:26 Squires
30:45 Town Watch
31:37 Iron Casting
32:41 Pikeman
33:53 Plate Mail Armor
33:48 Conscription
34:14 Ballistics
35:01 Halberdier
36:43 Blast Furnace
35:49 Bodkin Arrow
Connection lost

Rejoining the realm…

Still unreachable

The connection could not be restored.

Session expired

The server has moved on; the page needs a fresh start.